 Dungeon Crawl Stone Soup version 0.30.0-29-ga12c61a403 (webtiles) character file.

Game seed: 7059696391164772714

25 hawla the Firebug (level 3, -6/26 HPs)
             Began as a Meteoran Fire Elementalist on June 9, 2023.
             Mangled by a gnoll
             ... wielding a +0 flail
              (7 damage)
             ... on level 2 of the Dungeon.
             The game lasted 00:01:40 (181 turns).

hawla the Firebug (Meteoran Fire Elementalist)       Turns: 181, Time: 00:01:41

Health: -6/26      AC:  6    Str:  9    XL:     3   Next: 35%
Magic:  0/8        EV: 12    Int: 18    God:
Gold:   28         SH:  0    Dex: 15    Spells: 7/8 levels left

rFire   . . .        (no weapon)
rCold   . . .        (no shield)
rNeg    . . .        a - +0 robe
rPois   .            d - +2 helmet
rElec   .            c - +0 cloak
rCorr   .            (no gloves)
SInv    .            (no boots)
Will    .....        (no amulet)
Stlth   +            (no ring)
HPRegen 0.24/turn    (no ring)
MPRegen 0.11/turn

%: no passive effects
@: glowing
A: sense surroundings 1, otherworldly, glowing, explore regen
a: no special abilities


You were on level 2 of the Dungeon.
You visited 1 branch of the dungeon, and saw 2 of its levels.

You collected 28 gold pieces.

Inventory:

Armour
 a - a +0 robe (worn)
 c - a +0 cloak (worn)
 d - a +2 helmet (worn)
Jewellery
 e - a ring of fire
Scrolls
 f - a scroll of fear {unknown}
Potions
 b - a potion of magic
 g - a potion of haste


   Skills:
 + Level 2.5 Dodging
 - Level 1.4 Stealth
 + Level 3.1 Spellcasting
 + Level 1.5 Conjurations
 + Level 4.4 Fire Magic


You had 7 spell levels left.
You knew the following spells:

 Your Spells              Type           Power      Damage    Failure   Level
a - Foxfire               Conj/Fire      52%        2x1d6     4%          1

Your spell library contained the following spells:

 Spells                   Type           Power      Damage    Failure   Level
 Scorch                   Fire           38%        2d7       3%          2
 Inner Flame              Hex/Fire       10%        N/A       19%         3
 Volatile Blastmotes      Fire/Tloc      20%        2d11      19%         3
 Flame Wave               Conj/Fire      13%        2d6       43%         4


Dungeon Overview and Level Annotations

Branches:
Dungeon (2/15) Zot: 1018

Altars:


Innate Abilities, Weirdness & Mutations

You passively map a small area around you.
You are easily found by Zot.
You glow in the dark.
You regain HP and MP as you explore.


Message History

The foxfire hits the gnoll.
You kill the gnoll!
You have reached level 3!
Your experience leads to an increase in your attributes!
Increase (S)trength, (I)ntelligence, or (D)exterity?
You feel clever. x2; You feel agile.
Casting: Foxfire (safe; 4% risk of failure)
Confirm with . or Enter, or press ? or * to list all spells.
You conjure some foxfire!
The foxfire hits the gnoll but does no damage.
The foxfire hits the gnoll.
The gnoll is moderately wounded.
A gnoll comes into view. It is wielding a +0 club.
The foxfire hits the gnoll.
The gnoll is heavily wounded.
Casting: Foxfire (safe; 4% risk of failure)
Confirm with . or Enter, or press ? or * to list all spells.
You conjure some foxfire!
The foxfire hits the gnoll.
The gnoll is severely wounded.
You hit the gnoll but do no damage.
The gnoll is severely wounded.
The foxfire hits the gnoll but does no damage.
The gnoll is severely wounded.
The foxfire hits the gnoll.
The gnoll is almost dead.
The gnoll barely misses you. The gnoll attacks as you move away!
The gnoll hits you with a +0 club!
Found a scroll labelled VESIAR FEOTIRU.
The gnoll throws a throwing net.
The throwing net hits you.
You become entangled in the net!
A gnoll comes into view. It is wielding a +0 flail.
You see here a throwing net.
You struggle against the net.
The gnoll barely misses you.
You struggle against the net.
The gnoll hits you with a +0 club. x2
You rip the net and break free!
The gnoll misses you. The gnoll barely misses you.
The gnoll hits you with a +0 flail!
* * * LOW HITPOINT WARNING * * *
You barely miss the gnoll. The gnoll hits you with a +0 club.
* * * LOW HITPOINT WARNING * * *
The gnoll closely misses you. The gnoll hits you with a +0 flail!
You die...

, , ,., .. *
** * ?.. , , ,
.... ,, , ,
,,..... # *
......#####..#
,
......g@g)...#
*
#####...g...##
* #........#
**
...........#*
,
###.#.....(..
* ,
#.#......#..,
, #
#......###. ,
* * ,#......#
* * , *


You could see 3 gnolls.

Vanquished Creatures
  A gnoll (D:2)
  A giant cockroach (D:1)
  3 goblins (D:1)
  2 hobgoblins (D:1)
  A quokka (D:1)
  2 frilled lizards (D:1)
  2 kobolds (D:1)
  3 rats (D:1)
15 creatures vanquished.

Vanquished Creatures (others)
  43 foxfires
43 creatures vanquished.

Grand Total: 58 creatures vanquished

Notes
Turn   | Place    | Note
-------+----------+-------------------------------------------
     0 | D:1      | hawla the Meteoran Fire Elementalist began the quest for
                  | the Orb.
     0 | D:1      | Reached XP level 1. HP: 14/14 MP: 5/5
    65 | D:1      | Reached XP level 2. HP: 16/20 MP: 0/6
    94 | D:1      | Reached skill level 4 in Fire Magic
   174 | D:2      | Reached XP level 3. HP: 26/26 MP: 2/8
   181 | D:2      | HP: 1/26 [gnoll/+0 club (3)]
   181 | D:2      | Mangled by a gnoll

Illustrated notes

Levels and vault maps discovered:
D:1:      wheals_arrival_linesprint, layout_basic,
          shapermc_ecumenical_altar_venn, hex_medium, nrook_loot_triangle
D:2:      minmay_razor_zed, layout_rooms

Skill      XL: |  1  2 |
---------------+-------+-----
Fire Magic     | 4 |  4.4
Spellcasting   | 3 |  3.1
Dodging        | |  2.5
Stealth        | |  1.4
Conjurations   | |  1.5

Action                     || total
---------------------------++-------
  Melee: Unarmed           ||     7
   Cast: Foxfire           ||    26
 Armour: Robe              ||     1
  Dodge: Dodged            ||     7
